 Dungeon Crawl Stone Soup version 0.18-a0-1730-g73f0523 (webtiles) character file.

541 M4edhros the Sneak (level 7, -2/43 HPs)
             Began as an Octopode Artificer on Apr 10, 2016.
             Slain by a jackal (3 damage)
             ... on level 4 of the Dungeon.
             The game lasted 00:06:14 (3363 turns).

M4edhros the Sneak (Octopode Artificer)             Turns: 3363, Time: 00:06:15

Health: -2/43      AC:  1    Str: 11    XL:     7   Next: 26%
Magic:  9/9        EV: 11    Int: 14    God:
Gold:   144        SH:  3    Dex: 14    Spells: 0 memorised, 6 levels left

rFire  x . .     SeeInvis .     t - +0 dagger (flame)
rCold  + . .     Gourm    .     s - +0 buckler
rNeg   . . .     Faith    .     (helmet restricted)
rPois  .         Spirit   .     (no amulet)
rElec  .         Dismiss  .     e - ring of ice
rCorr  .         Reflect  .     (no ring)
SustAt .         Harm     .     (no ring)
MR     .....                    (no ring)
Stlth  +++++.....               (no ring)
                                (no ring)
                                (no ring)
                                (no ring)

@: not resistant to hostile enchantments, quite stealthy
A: almost no armour, amphibious, 8 rings, constrict 8, camouflage 1, gelatinous
body 1
a: no special abilities


You were on level 4 of the Dungeon.
You were not hungry.

You visited 1 branch of the dungeon, and saw 5 of its levels.

You collected 144 gold pieces.

Inventory:

Hand Weapons
 j - a +1 hunting sling of flaming
 t - a +0 dagger of flaming (weapon)
Missiles
 g - 166 stones (quivered)
 h - 18 sling bullets
Armour
 s - a +0 buckler (worn)
Jewellery
 e - a ring of ice (left tentacle)
Wands
 b - a wand of flame (2/48)
 c - a wand of enslavement (12/24)
 d - a wand of random effects (13/48)
 u - a wand of flame (21/48)
 v - a wand of confusion (20/48)
 y - a wand of digging (4/24)
Scrolls
 a - a scroll of enchant weapon {unknown}
 i - 3 scrolls of enchant armour {unknown}
 k - a scroll of fog {unknown}
 l - 4 scrolls of identify {unknown}
 m - a scroll of fear {unknown}
 o - 2 scrolls of teleportation {unknown}
 q - 2 scrolls of magic mapping {unknown}
 r - 2 scrolls of remove curse {unknown}
Comestibles
 f - 3 bread rations
 n - 2 slices of pizza


   Skills:
 - Level 1.0 Fighting
 - Level 1.0 Short Blades
 * Level 5.8 Slings
 - Level 2.0 Dodging
 + Level 6.5 Stealth
 - Level 3.2 Evocations


You had 6 spell levels left.
You didn't know any spells.

Dungeon Overview and Level Annotations

Branches:
Dungeon (5/15)
 Temple: D:4-7

Altars:
Ashenzari
Pakellas

Shops:
D:4 (   D:5 *


Innate Abilities, Weirdness & Mutations

You cannot wear most types of armour.
You are amphibious.
You can wear up to eight rings at the same time.
You can use your tentacles to constrict eight enemies at once.
Your skin changes colour to match your surroundings (Stealth).
Your rubbery body absorbs attacks (AC +1).


Message History

You constrict the orc priest. You block the jackal's attack.
The orc priest invokes the aid of Beogh against you.
Pain shoots through your body! The giant cockroach bites you.
* * * LOW HITPOINT WARNING * * *
The jackal bites you.
* * * LOW HITPOINT WARNING * * *
The orc hits you with a hand axe!
* * * LOW HITPOINT WARNING * * *
Unknown command.
Evoke which item? (* to show all) (? for menu, Esc to quit)
Zapping:
b - a wand of flame (3/48)
Press: ? - help, Shift-Dir - straight line, f - orc
Aim: an orc, wielding a hand axe and wearing a shiny ring mail The puff of flame misses the orc.
This wand has 2 charges left.
The orc wizard shouts!
You constrict the orc priest.
The orc wizard gestures wildly while chanting.
The orc wizard seems to speed up.
The giant cockroach barely misses you. The orc priest barely misses you.
The jackal bites you.
You die...

#####.#..## ........###
#...o.#... ...........
#....#.####### #######.#..
##............#.#######.#.#
#...#.....o.#.#.#.......#.#
#........>[.)..............
##..#.#.#.#.###.#......##.#
#<.#.#.#o#o###.#..<.#.##.#
#..#.#.#.@s...............
#..#.#.#.#h###.#..#.#.####
#..#.........#.#..#.#.##≈.
#..#.###'###.#.#..#....#..
##..#.# #.# #.#.#.####..'._
#.....###.###.#.#.......#..
#.....###_..h.......###.#≈.
####..###.###.......# #.###
#....# #.# #.......# #.##§


You could see an orc priest, an orc wizard, an orc, a jackal and a giant
cockroach.

Vanquished Creatures
  A sky beast (D:5)
  A scorpion (D:4)
  A centaur zombie (D:4)
  A hound (D:5)
  A giant frog skeleton (D:4)
  A giant frog zombie (D:4)
  An orc wizard (D:3)
  3 worker ants
  5 gnolls (D:5)
  A howler monkey skeleton (D:4)
  3 adders
  An ooze (D:4)
  An adder zombie (D:4)
  A dart slug (D:5)
  2 giant geckos
  3 orcs
  A ball python (D:3)
  3 bats
  A giant cockroach (D:5)
  3 goblins
  A hobgoblin (D:2)
  5 jackals (D:4)
  A jackal skeleton (D:5)
  8 kobolds
  A quokka zombie (D:5)
  3 rats
54 creatures vanquished.

Vanquished Creatures (collateral kills)
  An orc priest (D:4)
  An orc wizard (D:4)
  A gnoll (D:5)
  An orc (D:3)
4 creatures vanquished.

Vanquished Creatures (others)
  A hungry ghost (D:4)
  An orc wizard (D:3)
  A gnoll (D:5)
  An orc (D:3)
4 creatures vanquished.

Grand Total: 62 creatures vanquished

Notes
Turn   | Place    | Note
--------------------------------------------------------------
     0 | D:1      | M4edhros the Octopode Artificer began the quest for the Orb.
     0 | D:1      | Reached XP level 1. HP: 13/13 MP: 3/3
    89 | D:1      | Reached skill level 2 in Stealth
   292 | D:1      | Reached XP level 2. HP: 18/18 MP: 4/4
   356 | D:1      | Reached skill level 1 in Slings
   444 | D:2      | Found a faded altar to an unknown god.
   641 | D:3      | Reached skill level 3 in Stealth
   641 | D:3      | Reached XP level 3. HP: 11/23 MP: 5/5
   972 | D:3      | Reached XP level 4. HP: 26/28 MP: 6/6
  1055 | D:4      | Reached skill level 4 in Stealth
  1259 | D:4      | Reached XP level 5. HP: 19/33 MP: 7/7
  1488 | D:4      | Reached skill level 5 in Stealth
  1488 | D:4      | Reached XP level 6. HP: 32/38 MP: 8/8
  1672 | D:4      | HP: 1/38 [poisoned by an adder]
  1933 | D:4      | Found Giemebio's Antique Weapon Shop.
  1979 | D:4      | Found an oddly glowing altar of Pakellas.
  1979 | D:4      | Noticed a hungry ghost
  1988 | D:4      | Found a shattered altar of Ashenzari.
  2017 | D:4      | Killed a hungry ghost
  2059 | D:5      | Entered Level 5 of the Dungeon
  2395 | D:5      | Found Juyxorr's General Store.
  2424 | D:5      | Reached skill level 5 in Slings
  2483 | D:5      | Noticed a sky beast
  2502 | D:5      | Killed a sky beast
  2502 | D:5      | Reached skill level 6 in Stealth
  2502 | D:5      | Reached XP level 7. HP: 35/43 MP: 9/9
  3362 | D:4      | HP: 1/43 [orc/hand axe (9)]
  3363 | D:4      | Slain by a jackal

Vault maps used:
D:1:      minmay_arrival_checkered_box
D:2:      ecumenical_altar_2, grunt_qazlal_clouds
D:3:      kennysheep_goblin_castle
D:4:      gammafunk_pakellas_cloud_experiment, lemuel_doored_altar, first_bread,
          serial_undead, serial_undead_b, serial_undead_e, serial_undead_e,
          serial_undead_d, serial_shops, kennysheep_mini
D:5:      minmay_temple_entry_poolview, serial_shops, shop,
          hangedman_abyss_or_decor_lesser_grid

Skill      XL: |  1  2  3  4  5  6 |
---------------+-------------------+-----
Stealth        | 2 3 4 5 6 |  6.5
Slings         | 1 2 3 4 5 |  5.8
Fighting       | |  1.0
Short Blades   | |  1.0
Dodging        | |  2.0
Evocations     | |  3.2

Action                   |  1- 3 |  4- 6 |  7- 9 || total
-------------------------+-------+-------+-------++-------
Melee: Short sword       |     6 |       |       ||     6
       Dagger            |       |    45 |    23 ||    68
 Fire: Hunting sling     |    48 |    60 |     5 ||   113
Evoke: Wand              |     1 |    15 |     2 ||    18
  Use: Potion            |     1 |       |     1 ||     2
 Stab: Sleeping          |     2 |     3 |     1 ||     6
  Eat: Chunk             |       |     3 |       ||     3
       Royal jelly       |       |     1 |       ||     1
       Meat ration       |       |       |     1 ||     1
